 Dungeon Crawl Stone Soup version 0.31-a0-187-gba352fbbf7 (webtiles) character file.

Game seed: 138901590647911309

365 Gorgondantess the Conjurer (level 7, -9/46 HPs)
             Began as a Human Hedge Wizard on June 22, 2023.
             Killed by divine providence
             ... invoked by an orc priest
              (12 damage)
             ... on level 5 of the Dungeon.
             The game lasted 00:10:02 (4457 turns).

Gorgondantess the Conjurer (Human Hedge Wizard)     Turns: 4457, Time: 00:10:03

Health: -9/46      AC:  7    Str: 10    XL:     7   Next: 0%
Magic:  7/12       EV: 11    Int: 28    God:
Gold:   50         SH:  0    Dex: 13    Spells: 2/13 levels left

rFire   . . .        h - +0 short sword (protect)
rCold   . . .        (no shield)
rNeg    . . .        s - +0 leather armour
rPois   .            w - +0 helmet {SInv}
rElec   .            (no cloak)
rCorr   .            z - +2 pair of gloves
SInv    +            (no boots)
Will    .....        (no amulet)
Stlth   ++           k - +6 ring of intelligence
HPRegen 0.27/turn    y - +6 ring of intelligence
MPRegen 0.13/turn

%: no passive effects
@: no status effects
A: no striking features
a: no special abilities


You were on level 5 of the Dungeon.
You visited 1 branch of the dungeon, and saw 5 of its levels.

You collected 188 gold pieces.
You spent 138 gold pieces at shops.

Inventory:

Hand Weapons
 a - a +0 dagger
 g - a +0 short sword
 h - a +0 short sword of protection (weapon)
Armour
 b - a +0 robe
 c - a +0 hat
 s - a +0 leather armour (worn)
 w - a +0 helmet of see invisible (worn)
 z - a +2 pair of gloves (worn)
Magical Staves
 j - a staff of earth
Jewellery
 k - a +6 ring of intelligence (left hand)
 y - a +6 ring of intelligence (right hand)
Scrolls
 e - 2 scrolls of blinking {unknown}
 m - 3 scrolls of immolation
 o - a scroll of poison
 p - 2 scrolls of enchant armour {unknown}
 t - a scroll of fog {unknown}
 u - a scroll of vulnerability {unknown}
 v - 2 scrolls of butterflies {unknown}
Potions
 d - a potion of magic
 f - a potion of cancellation
 i - a potion of haste {unknown}
 l - a potion of curing
 q - a potion of berserk rage {unknown}
 r - a potion of degeneration {unknown}


   Skills:
 - Level 2.0 Dodging
 - Level 2.0 Stealth
 + Level 3.9 Spellcasting
 * Level 4.4 Conjurations
 + Level 3.2 Summonings
 + Level 1.3 Translocations
 + Level 0.6 Fire Magic
 - Level 1.0 Air Magic
 - Level 1.0 Poison Magic


You had 2 spell levels left.
You knew the following spells:

 Your Spells              Type           Power      Damage    Failure   Level
a - Magic Dart            Conj           100%       1d8       1%          1
b - Call Imp              Summ           46%        N/A       4%          2
c - Blink                 Tloc           24%        N/A       9%          2
d - Mephitic Cloud        Conj/Pois/Air  17%        N/A       13%         3
e - Volatile Blastmotes   Fire/Tloc      20%        2d11      21%         3

Your spell library contained the following spells:

 Spells                   Type           Power      Damage    Failure   Level
 Summon Small Mammal      Summ           92%        N/A       2%          1
 Apportation              Tloc           24%        N/A       6%          1
 Necrotise                Necr           20%        1d5       11%         1
 Slow                     Hex            20%        N/A       11%         1
 Cigotuvi's Dreadful Rot  Necr/Pois/Air  18%        N/A       12%         2
 Dazzling Flash           Conj/Hex       34%        N/A       12%         3
 Iskenderun's Mystic Bla  Conj/Tloc      21%        2d6       30%         4
 Starburst                Conj/Fire      9%         6d5       99%         6


Dungeon Overview and Level Annotations

Branches:
Dungeon (5/15)
 Temple: D:4-7

Altars:
Dithmenos
Fedhas

Shops:
D:3 [


Message History

Your cerulean imp misses the white imp.
An iguana and 2 orcs come into view.
The orc shouts! x2
The white imp summons a swarm of flies.
An orc priest comes into view. It is wielding a +0 dagger.
Your cerulean imp hits the ice beast with a -2 spear.
The orc moves out of view.
Your magical contamination has completely faded away.
As you read the scroll of fear, it crumbles to dust.
You assume a fearsome visage.
The white imp looks frightened!
The orc looks frightened!
The ice beast looks frightened!
The ice beast closely misses something.
Unknown command.
Your cerulean imp barely misses the white imp.
The white imp hits your cerulean imp but does no damage.
Your cerulean imp hits the white imp with a -2 spear.
There is an open door here.
You catch the helpless white imp completely off-guard!
You hit the white imp.
Your weapon exudes an aura of protection.
Your attack snaps the white imp out of its fear.
The white imp is almost dead.
The orc priest mumbles some strange prayers to Beogh against you.
You barely resist.
The white imp hits you but does no damage.
Your cerulean imp hits the white imp with a -2 spear.
The white imp dies!
You have reached level 7!
You swap places.
You swap places.
Your cerulean imp disappears in a puff of smoke!
The ice beast seems to regain its courage.
The iguana hisses menacingly.
The orc priest calls down the wrath of Beogh upon you.
Beogh smites you!
* * * LOW HITPOINT WARNING * * *
You hear the slow hiss of an avalanche of sand nearby.
The orc priest mumbles some strange prayers to Beogh against you.
Beogh smites you!
You die...

#.........P♣♣...♣ ...
#..........♣♣♣..♣♣.....
#....<....PP.[..P♣.....
##...##.....#.............#
#......#..#.##.............#.
..#.#..##...........#........
..
#.......#........#<.#........
#.##.....#Y##.##..###.......##
..#..⌠..#..#..#@#####.......#
##.#........##Y.............##
.#.....##..oo............####
.##.##.....######..........
o.#......#### #...........#
#.##...###...####.........###
...'.###...........#.....##
.#####.........##..#.....# #
..........#........#


You could see an ice beast, an orc priest and an orc.

Vanquished Creatures
  An ogre (D:5)
  An adder (D:3)
  7 gnolls (D:4)
  3 dart slugs
  An orc (D:5)
  5 bats
  6 endoplasms
  3 giant cockroaches
  6 goblins
  3 hobgoblins
  4 quokkas
  4 ball pythons
  3 frilled lizards
  6 kobolds
  5 rats
58 creatures vanquished.

Vanquished Creatures (collateral kills)
  A black bear (D:4)
  A gnoll (D:4)
  3 adders (D:3)
  A white imp (D:5)
  A worm (D:2)
  A dart slug (D:4)
8 creatures vanquished.

Grand Total: 66 creatures vanquished

Notes
Turn   | Place    | Note
-------+----------+-------------------------------------------
     0 | D:1      | Gorgondantess the Human Hedge Wizard began the quest for
                  | the Orb.
     0 | D:1      | Reached XP level 1. HP: 13/13 MP: 4/4
   279 | D:1      | Reached skill level 2 in Conjurations
   279 | D:1      | Reached XP level 2. HP: 19/19 MP: 0/6
   282 | D:1      | Learned a level 2 spell: Call Imp
   977 | D:2      | Reached XP level 3. HP: 24/24 MP: 4/7
  1233 | D:2      | Learned a level 2 spell: Blink
  1237 | D:2      | Learned a level 3 spell: Mephitic Cloud
  1832 | D:3      | Reached XP level 4. HP: 30/30 MP: 6/8
  2028 | D:3      | Found a blossoming altar of Fedhas.
  2194 | D:3      | Reached skill level 1 in Air Magic
  2194 | D:3      | Reached skill level 1 in Poison Magic
  2613 | D:3      | Found Ygrid's Armour Emporium.
  2623 | D:3      | Bought a +0 helmet of see invisible for 138 gold pieces
  2906 | D:4      | Reached skill level 3 in Conjurations
  2906 | D:4      | Reached XP level 5. HP: 29/35 MP: 3/9
  3114 | D:4      | Noticed a black bear
  3286 | D:4      | Noticed an ogre
  3409 | D:4      | Found a shadowy altar of Dithmenos.
  3888 | D:4      | Killed a black bear
  3889 | D:4      | Reached skill level 4 in Conjurations
  3889 | D:4      | Reached XP level 6. HP: 40/41 MP: 3/11
  4288 | D:5      | Entered Level 5 of the Dungeon
  4328 | D:5      | Noticed an ice beast
  4340 | D:4      | Learned a level 3 spell: Volatile Blastmotes
  4382 | D:5      | HP: 1/41 [ogre/+0 giant club (18)]
  4389 | D:5      | Killed an ogre
  4444 | D:5      | Reached XP level 7. HP: 12/46 MP: 5/12
  4452 | D:5      | HP: 2/46 [orc priest/divine providence (13)]
  4457 | D:5      | Killed from afar by an orc priest

Illustrated notes

Levels and vault maps discovered:
D:1:      spicycebolla_arrival_ecumenical, layout_loops_ring,
          minmay_misc_feat_cross
D:2:      layout_basic
D:3:      layout_loops_ring, mainiacjoe_overflow_boulevard, serial_shops,
          nicolae_lakefront_shop
D:4:      layout_loops_corners, nicolae_overflow_crystal_walls,
          ebering_dispersal_statue_hall, hangedman_decor_peaks_small
D:5:      minmay_skewed_foursquare, layout_cave_pools, serial_shops, shop,
          serial_park, serial_park_tiny_1, serial_park_square1
          [serial_park_minivault_5x5_1], serial_park_tiny_2,
          lightli_ossuary_entry_decrepit_ruins, minmay_crystal_water

Skill      XL: |  1  2  3  4  5  6 |
---------------+-------------------+-----
Conjurations   | 2 3 4 |  4.4
Summonings     | 2 3 |  3.2
Air Magic      | 1 |  1.0
Poison Magic   | 1 |  1.0
Dodging        | |  2.0
Stealth        | |  2.0
Spellcasting   | |  3.9
Translocations | |  1.3
Fire Magic     | |  0.6

Action                     |  1- 3 |  4- 6 |  7- 9 || total
---------------------------+-------+-------+-------++-------
  Melee: Short sword       |    49 |    91 |       ||   140
         Dagger            |     4 |       |       ||     4
         Punch             |       |     1 |       ||     1
   Cast: Magic Dart        |    62 |    44 |       ||   106
         Call Imp          |     2 |     9 |       ||    11
         Mephitic Cloud    |       |    13 |       ||    13
         Blink             |       |     1 |       ||     1
    Use: Scroll            |       |     4 |       ||     4
         Potion            |       |     2 |       ||     2
   Stab: Sleeping          |     1 |     1 |       ||     2
         Confused          |       |     9 |       ||     9
         Fleeing           |       |     1 |       ||     1
 Armour: Robe              |     8 |       |       ||     8
         Leather armour    |     5 |    40 |       ||    45
  Dodge: Dodged            |    38 |    57 |       ||    95

Table legend: (Time is in decaauts)
 A = Elapsed time spent in this place.
 B = Non-inter-level travel time spent in this place.
 C = Inter-level travel time spent in this place.
 D = Time resting spent in this place.
 E = Time spent auto-exploring this place.
 F = Levels seen in this place.
 G = Mean time per level.
                   A        B        C        D        E       F      G
               +--------+--------+--------+--------+--------+-----+--------+
         Total |   4457 |   4212 |    245 |    240 |   3153 |   5 |  891.4 |
       Dungeon |   4457 |   4212 |    245 |    240 |   3153 |   5 |  891.4 |
               +--------+--------+--------+--------+--------+-----+--------+

Top non-repeatable levels by time:
     D:4: 1434 daAuts
     D:3: 1211 daAuts
     D:1: 972 daAuts
     D:2: 702 daAuts
     D:5: 136 daAuts
